 Dungeon Crawl Stone Soup version 0.31-a0-204-g7da18cac08 (webtiles) character file.

Game seed: 15169975877956678272

128 promet the Shield-Bearer (level 4, -11/40 HPs)
             Began as a Minotaur Fighter on June 27, 2023.
             Mangled by an ogre
             ... wielding a +0 giant spiked club
              (19 damage)
             ... on level 3 of the Dungeon.
             The game lasted 00:10:36 (2225 turns).

promet the Shield-Bearer (Minotaur Fighter)         Turns: 2225, Time: 00:10:36

Health: -11/40     AC: 10    Str: 20    XL:     4   Next: 86%
Magic:  3/3        EV:  7    Int:  7    God:
Gold:   161        SH:  4    Dex: 10    Spells: 3/3 levels left

rFire   + . .        a - +9 broad axe of Equivalence {drain, rF+ rC+}
rCold   + . .        c - +0 buckler
rNeg    . . .        n - +0 chain mail
rPois   .            (helmet restricted)
rElec   .            (no cloak)
rCorr   .            i - +0 pair of gloves
SInv    .            (no boots)
Will    .....        (no amulet) Stlth
                     (no ring)
HPRegen 0.26/turn    (no ring)
MPRegen 0.08/turn

%: no passive effects
@: no status effects
A: horns 2, retaliatory headbutt
a: no special abilities


You were on level 3 of the Dungeon.
You visited 1 branch of the dungeon, and saw 3 of its levels.

You collected 161 gold pieces.

Inventory:

Hand Weapons
 a - the +9 broad axe of Equivalence (weapon) {drain, rF+ rC+}
   (You acquired it on level 2 of the Dungeon)

   rF:        It protects you from fire.
   rC:        It protects you from cold.
 b - a +0 sling
Missiles
 e - 5 stones
Armour
 c - a +0 buckler (worn)
 i - a +0 pair of gloves (worn)
 n - a +0 chain mail (worn)
Jewellery
 k - an amulet of faith
Wands
 m - a wand of flame (5) (quivered)
Scrolls
 h - 2 scrolls of identify
 l - a scroll of poison
Potions
 d - a potion of might
 f - a potion of ambrosia {unknown}
 g - 3 potions of curing


   Skills:
 * Level 4.3 Fighting
 + Level 4.1 Long Blades
 + Level 1.7 Axes
 + Level 0.7 Ranged Weapons
 + Level 4.1 Armour
 + Level 0.1 Dodging
 + Level 4.3 Shields


You had 3 spell levels left.
You didn't know any spells.
Your spell library contained the following spells:

 Spells                   Type           Power      Damage    Failure   Level
 Sublimation of Blood     Necr           0%         N/A       99%         2
 Wereblood                Tmut           0%         N/A       99%         2
 Call Canine Familiar     Summ           0%         N/A       100%        3
 Portal Projectile        Hex/Tloc       0%         N/A       100%        3
 Leda's Liquefaction      Hex/Erth       0%         N/A       100%        4
 Summon Hydra             Summ           0%         N/A       100%        7


Dungeon Overview and Level Annotations

Branches:
Dungeon (3/15)

Altars:


Innate Abilities, Weirdness & Mutations

You have a pair of horns on your head.
You reflexively headbutt those who attack you in melee.


Message History

The goblin shouts!
You hear a shout! x3
An orc comes into view. It is wielding a +0 trident of pain.
The orc drinks a potion.
The orc seems to speed up.
You slash the goblin!
You kill the goblin!
An orc comes into view. It is wielding a +0 club. x2
The orc hits you from afar with a +0 trident of pain.
Things that are here:
a +0 dagger; a goblin corpse The orc hits you with a +0 trident of pain.
The orc hits you but does no damage. The orc hits you but does no damage. x2
You slash the orc!
You kill the orc!
You hit the orc. You slash the orc!
You kill the orc!
The orc hits you with a +0 trident of pain.
The orc closely misses you. The orc hits you but does no damage.
You slash the orc!
You kill the orc!
An ogre comes into view. It is wielding a +0 giant spiked club.
Things that are here:
a +0 dagger; a goblin corpse
Aiming: Throw Flame
Press: ? - help, Q - select action, (/) - cycle Shift-Dir - straight line, f - ogre
Aim: an ogre, wielding a +0 giant spiked club (85% to hit)
The puff of flame hits the ogre.
The ogre is lightly wounded.
You barely miss the ogre. Your headbutt misses the ogre.
The ogre is lightly wounded.
The ogre barely misses you.
You hit the ogre.
The ogre is moderately wounded.
The ogre hits you with a +0 giant spiked club!!
Ouch! That really hurt!
* * * LOW HITPOINT WARNING * * *
You barely miss the ogre. Your headbutt misses the ogre.
The ogre is moderately wounded.
The ogre hits you with a +0 giant spiked club!!
You die...

# .####
....##
####O....#
.........
#####).......
#.@O..)......
#.###).......
#########.#
##.......
#.........#
#.....#
#.#######.#
....## #.#
#.# .#....
#.# #.# #....
#.# #.# ...
#.# #.#


You could see an ogre.

Vanquished Creatures
  Jessica (D:2)
  2 adders
  A gnoll (D:1)
  A worm (D:3)
  A dart slug (D:2)
  5 orcs
  A bat (D:3)
  2 endoplasms
  13 giant cockroaches
  6 goblins
  3 hobgoblins
  4 kobolds
  2 quokkas
  8 ball pythons
  6 frilled lizards
  4 rats
60 creatures vanquished.

Notes
Turn   | Place    | Note
-------+----------+-------------------------------------------
     0 | D:1      | promet the Minotaur Fighter began the quest for the Orb.
     0 | D:1      | Reached XP level 1. HP: 19/19 MP: 0/0
   325 | D:1      | Reached XP level 2. HP: 12/27 MP: 1/1
   934 | D:2      | Reached XP level 3. HP: 33/33 MP: 2/2
  1071 | D:2      | Noticed Jessica
  1074 | D:2      | Killed Jessica
  1075 | D:2      | Reached XP level 4. HP: 22/40 MP: 3/3
  1217 | D:2      | Identified a scroll of acquirement
  1217 | D:2      | Acquired the +9 broad axe of Equivalence {drain, rF+ rC+}
  1406 | D:2      | Identified the +5 whip "Feiduack" {heavy, *Corrode +Blink
                  | Int+5 Stlth+}
  1990 | D:2      | Identified the +11 short sword of Righteous Anger {heavy,
                  | rC- MP+9 Str+7 Stlth+}
  2135 | D:3      | Reached skill level 1 in Axes
  2216 | D:3      | Noticed an ogre
  2225 | D:3      | Mangled by an ogre

Illustrated notes

Levels and vault maps discovered:
D:1:      dpeg_arrival_tiny_a, layout_loops_ring
D:2:      minmay_roachtagon, layout_basic, uniq_jessica
D:3:      layout_loops_ring, mainiacjoe_overflow_tiny_flanked,
          cheibrodos_sewer_entry_sluice

Skill      XL: |  1  2  3  4 |
---------------+-------------+-----
Shields        | 4 |  4.3
Armour         | 4 |  4.1
Fighting       | 4 |  4.3
Long Blades    | 3 4 |  4.1
Axes           | 1 |  1.7
Ranged Weapons | |  0.7
Dodging        | |  0.1

Action                     |  1- 3 |  4- 6 || total
---------------------------+-------+-------++-------
  Melee: Long sword        |    75 |     5 ||    80
         Headbutt          |    13 |     2 ||    15
         Broad axe         |       |    41 ||    41
   Fire: Sling             |     5 |       ||     5
  Evoke: Wand              |       |     1 ||     1
    Use: Scroll            |       |     8 ||     8
 Armour: Scale mail        |    33 |    16 ||    49
         Chain mail        |       |    11 ||    11
  Dodge: Dodged            |    29 |    17 ||    46
  Block: Buckler           |     6 |     4 ||    10

Table legend: (Time is in decaauts)
 A = Elapsed time spent in this place.
 B = Non-inter-level travel time spent in this place.
 C = Inter-level travel time spent in this place.
 D = Time resting spent in this place.
 E = Time spent auto-exploring this place.
 F = Levels seen in this place.
 G = Mean time per level.
                   A        B        C        D        E       F      G
               +--------+--------+--------+--------+--------+-----+--------+
         Total |   2272 |   2253 |     19 |    449 |    930 |   3 |  757.3 |
       Dungeon |   2272 |   2253 |     19 |    449 |    930 |   3 |  757.3 |
               +--------+--------+--------+--------+--------+-----+--------+

Top non-repeatable levels by time:
     D:2: 1154 daAuts
     D:1: 943 daAuts
     D:3: 174 daAuts
